Match 47153355
Unlisted

Match 47153355
End
Construct Weapon Support Center
M1919 Machine Gun Team
Engineer Squad
Bazooka Squad
Selects Armored Battlegroup
M1919 Machine Gun Team
Bazooka Squad
Mechanized Support Center
M3 Armored Personnel Carrier
Construct Tank Depot
Selects Strength in Steel
Selects Veteran Crews
M4(105) Sherman Bulldozer
Improvised Armor
M3 Armored Personnel Carrier
Selects M31 Recovery Vehicle
M4A1 Sherman Medium Tank
Salvage Crew
SMG
JT
姬延龙
XXxxxGxxxXX
Mansonfreakss
MOJO
皮皮
73TBN_OPR2
0
0

Comments sign in to comment!

No comments posted yet!